 Dungeon Crawl Stone Soup version 0.25.0-10-g039870ee82 (webtiles) character file.

Game seed: 139230667030587968

(classic levelgen) 35270 EnegeticOcto the Cleaver (level 13, 18/126 HPs)
             Began as a Deep Dwarf Fighter on June 23, 2020.
             Was the Champion of Makhleb.
             Quit the game on level 2 of the Orcish Mines.
             The game lasted 00:11:19 (12765 turns).

EnegeticOcto the Cleaver (Deep Dwarf Fighter)      Turns: 12765, Time: 00:11:20

Health: 18/126     AC: 19    Str: 24    XL:     13   Next: 46%
Magic:  9/9 (0)    EV: 11    Int: 10    God:    Makhleb [******]
Gold:   2840       SH: 13    Dex: 12    Spells: 12/12 levels left

rFire    . . .     SeeInvis .   a - +1 war axe (freeze)
rCold    + . .     Gourm    .   c - +1 kite shield
rNeg     . . .     Faith    .   w - +0 plate armour
rPois    +         Spirit   .   x - +0 helmet of Repulsion {+Inv rC+ MP+9}
rElec    .         Reflect  .   p - +1 cloak
rCorr    +         Harm     .   b - +0 pair of gloves
MR       +....                  (no boots)
Stlth    ..........             I - amulet of the acrobat
HPRegen  0.00/turn              E - ring of resist corrosion
MPRegen  0.11/turn              (no ring)

@: non-regenerating
A: damage resistance, heal wounds, sense surroundings 2, poison resistance,
sturdy frame 1, no regeneration
a: Heal Wounds, Minor Destruction, Lesser Servant of Makhleb, Major Destruction,
Greater Servant of Makhleb, Renounce Religion, Evoke Invisibility


You were on level 2 of the Orcish Mines.
You worshipped Makhleb.
Makhleb was exalted by your worship.
You were hungry.

You visited 4 branches of the dungeon, and saw 20 of its levels.
You also visited: Sewer and Ice Cave.

You collected 3038 gold pieces.
You spent 198 gold pieces at shops.

Inventory:

Hand Weapons
 a - a +1 war axe of freezing (weapon)
Missiles
 z - a throwing net (quivered)
Armour
 b - a +0 pair of gloves (worn)
 c - a +1 kite shield (worn)
 p - a +1 cloak (worn)
 w - a +0 plate armour (worn)
 x - the +0 helmet of Repulsion (worn) {+Inv rC+ MP+9}
   (You found it on level 8 of the Dungeon)

   It protects you from cold.
   It affects your magic capacity (+9).
   It lets you turn invisible.
Jewellery
 E - a ring of resist corrosion (left hand)
 I - an amulet of the acrobat (around neck)
Wands
 g - a wand of paralysis (35)
 o - a wand of flame (46) {@v4}
 q - a wand of clouds (2)
 C - a wand of digging (6) {@v3}
 G - a wand of polymorph (11)
Scrolls
 d - 5 scrolls of identify {@r1}
 f - 4 scrolls of remove curse {@r2}
 h - 5 scrolls of teleportation {@r3}
 r - 3 scrolls of summoning
 u - 2 scrolls of fog
 y - 2 scrolls of enchant weapon
 B - 2 scrolls of magic mapping {@r5}
 D - 3 scrolls of blinking {@r4}
 F - 2 scrolls of enchant armour
 M - a scroll of immolation {@r7}
Potions
 j - a potion of stabbing {@q5}
 k - 3 potions of might {@q3}
 l - 3 potions of berserk rage
 m - a potion of resistance {@q6}
 n - 2 potions of haste {@q4}
 s - a potion of lignification {@q7}
 v - 2 potions of mutation
 K - a potion of flight {unknown}
 L - 2 potions of magic
Miscellaneous
 A - a tin of tremorstones (inert)
Comestibles
 e - 28 rations
 H - 13 chunks of flesh


   Skills:
 * Level 10.8 Fighting
 * Level 12.5 Axes
 + Level 9.5 Armour
 + Level 8.8 Dodging
 + Level 9.5 Shields
 * Level 10.2 Invocations
 - Level 7.8 Evocations


You had 12 spell levels left.
You didn't know any spells.
Your spell library contained the following spells:

 Spells                   Type           Power        Failure   Level  Hunger
 Animate Skeleton         Necr           N/A          99%         1    ##.....
 Magic Dart               Conj           #...         99%         1    ##.....
 Pain                     Necr           #...         99%         1    ##.....
 Blink                    Tloc           N/A          100%        2    ###....
 Call Imp                 Summ           #.......     100%        2    ###....
 Slow                     Hex            #.......     100%        2    ###....
 Conjure Flame            Conj/Fire      #.......     100%        3    ####...
 Mephitic Cloud           Conj/Pois/Air  #.......     100%        3    ####...
 Vampiric Draining        Necr           #.........   100%        3    ####...
 Animate Dead             Necr           N/A          100%        4    #####..
 Agony                    Necr           #.......     100%        5    ######.


Dungeon Overview and Level Annotations

Branches:
Dungeon (12/15)            Temple (1/1) D:4            Lair (5/6) D:9
 Shoals (0/4) Lair:4        Snake (0/4) Lair:4          Orc (2/2) D:9
    Elf (0/3) Orc:2         Sewer (visited)           IceCv (visited)
  Slime: Lair:5-6

Altars:
Ashenzari
Cheibriados
Dithmenos
Elyvilon
Fedhas
Gozag
Hepliaklqana
Kikubaaqudgha
Makhleb
Nemelex Xobeh
Okawaru
Qazlal
Ru
Sif Muna
Trog
Uskayaw
Vehumet
Wu Jian
Xom
Yredelemnul
Zin
The Shining One
Beogh

Shops:
D:5 =!

Annotations:
D:10 exclusions: ice statue and orange crystal statue
D:12 Kirke
Lair:2 exclusion: oklob plant
Lair:4 1 runed translucent door, exclusion: 2 oklob plants, Wairalebb's ghost, journeyman BaFi


Innate Abilities, Weirdness & Mutations

You are resistant to damage.
You can heal yourself by infusing magical energy.
You passively map the area around you.
You do not regenerate.
Your system is resistant to poisons. (rPois)
Your movements are slightly less encumbered by armour. (ER -2)


Message History

The orc knight hits you but does no damage.
You slash the orc knight! You freeze the orc knight.
You kill the orc knight!
Makhleb accepts your kill.
You feel better.
Things that are here:
a +0 war axe; a +0 plate armour You butcher the orc corpse.
H - 8 chunks of flesh (gained 3)
You see here an orc skeleton. x2
Things that are here:
a +0 dire flail of protection; a +0 plate armour
Things that are here:
a +1 vampiric long sword; a +0 chain mail; a warg corpse You butcher the warg corpse.
H - 13 chunks of flesh (gained 5)
Things that are here:
a +1 vampiric long sword; a +0 chain mail; a warg skeleton
Things that are here:
a +1 vampiric long sword; a +0 chain mail; a warg skeleton You now have 2840 gold pieces (gained 30).
A stone giant comes into view.
The stone giant shouts!
A stone giant is nearby!
The stone giant throws a large rock.
You block the large rock.
Things that are here:
a large rock; 15 gold pieces The stone giant throws a large rock.
The large rock closely misses you.
An orc warrior comes into view.
It is wielding a +0 scimitar and wearing a +1 chain mail of fire resistance.
The orc warrior shouts!
You hear a shout!
The stone giant throws a large rock.
The large rock barely misses you.
The stone giant throws a large rock.
The large rock hits you.
You see here a large rock.
The stone giant barely misses you.
You hit the stone giant. You freeze the stone giant.
The stone giant is lightly wounded.
The stone giant hits you!!
* * * LOW HITPOINT WARNING * * *
You are too injured to fight recklessly!
You are too injured to fight recklessly!
You are too injured to fight recklessly!
You are too injured to fight recklessly!
You are too injured to fight recklessly!
You are too injured to fight recklessly!
You are too injured to fight recklessly!
You are too injured to fight recklessly!
You are too injured to fight recklessly!
You are too injured to fight recklessly!
You are too injured to fight recklessly!
You are too injured to fight recklessly!
You are too injured to fight recklessly!
You are too injured to fight recklessly!
You are too injured to fight recklessly!
You slash the stone giant! You freeze the stone giant.
The stone giant is lightly wounded.
The stone giant hits you!
* * * LOW HITPOINT WARNING * * *
You feel much better. The stone giant hits you!!
* * * LOW HITPOINT WARNING * * *
You feel much better.
The stone giant hits you but does no damage.
An orc comes into view. It is wielding a +0 mace.
The orc shouts!
You hit the stone giant. You freeze the stone giant.
The stone giant is moderately wounded.
You slash the orc warrior! You freeze the orc warrior.
The stone giant hits you!!
* * * LOW HITPOINT WARNING * * *
You block the orc warrior's attack.
You hit the stone giant but do no damage.
The stone giant is moderately wounded.
You hit the orc warrior but do no damage.
The stone giant hits you!!
* * * LOW HITPOINT WARNING * * *
The orc warrior hits you with a +0 scimitar!
* * * LOW HITPOINT WARNING * * *
You hit the stone giant but do no damage.
The stone giant is moderately wounded.
You slash the orc warrior! You freeze the orc warrior.
You block the stone giant's attack.
You hit the stone giant. You freeze the stone giant.
The stone giant is moderately wounded.
You slash the orc warrior! You freeze the orc warrior.
You kill the orc warrior!
Makhleb accepts your kill.
You feel better. The stone giant barely misses you.
You feel much better.
An orc priest comes into view. It is wielding a +0 hand axe.
The stone giant hits you but does no damage.
Okay, then.
You are feeling hungry.
You hit the stone giant. You freeze the stone giant.
The stone giant is moderately wounded.
The stone giant hits you.
You feel better. The stone giant hits you!!
* * * LOW HITPOINT WARNING * * *
An orc priest comes into view. It is wielding a +0 club.
The orc priest shouts!
Okay, then.
Are you sure you want to abandon this character and quit the game? (Confirm with "yes".)

, , ..... * , ,
*#...## * ,
*#....## , * , ,
##.....### * ,
#......#.## ###
*#......(..# *
.#.o.,*#.....(.##
*
......##o..(....#
* *
.....oC@........#
*
,....#........#.##
* , , #
....#.........# ,,
*
................#
≈≈.............##
*,≈ * *
#≈.............##
* , ,
#≈......#.......#
, ,
#≈..............#
. '
,#≈.............##


You could see a stone giant, 2 orc priests and an orc.

Vanquished Creatures
  Snorg (D:11)
  Erolcha (Orc:1)
  2 hydras
  An orc high priest (Orc:1)
  3 death yaks (Lair:4)
  Nergalle (Lair:2)
  An orc knight (Orc:2)
  A necromancer (IceCv)
  An ugly thing (D:11)
  A cyclops (D:11)
  9 black mambas
  2 ice statues (IceCv)
  A centaur skeleton (D:12)
  2 molten gargoyles (Lair:5)
  A spiny frog (Lair:2)
  2 rime drakes (Lair:4)
  4 komodo dragons
  4 ice devils (IceCv)
  A meliai (Lair:4)
  5 trolls
  Grinder (D:6)
  4 hippogriffs
  A dream sheep (Lair:2)
  3 blink frogs (Lair:4)
  4 wyverns (Lair:4)
  A hog (D:12)
  A wraith (D:7)
  9 yaks
  2 basilisks
  A vampire mosquito (D:11)
  A steam dragon (Lair:3)
  A hungry ghost (D:8)
  4 wargs
  3 nagas (Lair:4)
  11 water moccasins
  8 porcupines
  22 orc warriors
  An eye of draining (D:11)
  An ice beast (D:4)
  2 black bears
  9 ogres
  2 phantoms
  4 wolves (Lair:3)
  7 centaurs
  9 crocodiles
  4 big kobolds (D:5)
  20 bullfrogs
  2 gnoll sergeants
  4 scorpions
  26 killer bees
  2 wights (D:11)
  A vampire bat (Lair:3)
  An electric eel (D:11)
  8 howler monkeys
  5 lava snakes (Lair:5)
  5 crimson imps
  6 hounds
  2 jellies
  Crazy Yiuf (D:7)
  3 bullfrog skeletons
  14 orc priests
  19 orc wizards
  5 iguanas
  10 worker ants
  A hound skeleton (D:5)
  Robin (D:4)
  A worker ant zombie (D:6)
  12 gnolls
  A naga simulacrum (IceCv)
  10 adders
  2 shadow imps
  12 white imps (Lair:2)
  An ooze (D:2)
  3 worms (D:5)
  A dart slug (D:4)
  8 leopard geckos
  41 orcs
  9 bats
  3 giant cockroaches
  18 goblins
  10 hobgoblins
  4 jackals
  3 quokkas
  A frilled lizard (D:2)
  55 kobolds
  3 rats
  A fungus (Lair:2)
  2 plants
497 creatures vanquished.

Vanquished Creatures (collateral kills)
  3 ugly things (D:11)
  Psyche (D:11)
  A centaur skeleton (D:11)
  A troll (D:11)
  A hornet (D:11)
  2 vampire mosquitoes (D:11)
  An orc warrior (D:11)
  2 wights (D:11)
  2 adders (D:11)
14 creatures vanquished.

Vanquished Creatures (others)
  2 fungi
  3 plants (Lair:2)
5 creatures vanquished.

Grand Total: 516 creatures vanquished

Notes
Turn   | Place    | Note
-------+----------+-------------------------------------------
     0 | D:1      | EnegeticOcto the Deep Dwarf Fighter began the quest for the
                  | Orb.
     0 | D:1      | Reached XP level 1. HP: 20/20 MP: 1/1
    87 | D:1      | Reached XP level 2. HP: 24/27 MP: 2/2
   280 | D:2      | You fall into a shaft and drop 1 floor!
   318 | D:2      | Reached XP level 3. HP: 33/34 MP: 2/2
   384 | D:2      | Noticed a scorpion
   391 | D:2      | Killed a scorpion
   391 | D:2      | Reached skill level 3 in Axes
   391 | D:2      | Reached skill level 1 in Dodging
   391 | D:2      | Reached XP level 4. HP: 40/42 MP: 3/3
   856 | D:4      | Noticed a phantom
   870 | D:4      | Noticed an ogre
   875 | D:4      | Reached XP level 5. HP: 35/49 MP: 4/4
   883 | D:4      | Killed a phantom
   883 | D:4      | Reached skill level 4 in Axes
   883 | D:4      | Reached XP level 6. HP: 41/57 MP: 4/4
  1090 | D:4      | Found a staircase to the Ecumenical Temple.
  1111 | Temple   | Entered the Ecumenical Temple
  1247 | Temple   | Became a worshipper of Makhleb the Destroyer
  1373 | D:4      | Noticed Robin
  1386 | D:4      | Killed Robin
  1571 | D:4      | Noticed an ice beast
  1584 | D:4      | Reached skill level 5 in Axes
  1584 | D:4      | Reached skill level 1 in Invocations
  1584 | D:4      | Reached XP level 7. HP: 36/66 MP: 2/2
  1950 | D:4      | Reached skill level 5 in Fighting
  2145 | D:5      | Entered Level 5 of the Dungeon
  2168 | D:5      | Reached XP level 8. HP: 68/74 MP: 2/2
  2208 | D:5      | Found a glowing drain.
  2233 | D:5      | Reached * piety under Makhleb
  2235 | Sewer    | Entered a sewer
  2300 | Sewer    | Reached skill level 5 in Armour
  2300 | Sewer    | Reached skill level 5 in Shields
  2362 | D:5      | Found Viycvef's Jewellery Shop.
  2495 | D:5      | Reached skill level 6 in Axes
  2594 | D:5      | Reached ** piety under Makhleb
  2819 | D:5      | Found Foiwisen's Distillery.
  2826 | D:5      | Bought a potion of resistance for 110 gold pieces
  2826 | D:5      | Bought a potion of mutation for 88 gold pieces
  2955 | D:5      | Found a blossoming altar of Fedhas.
  2958 | D:5      | Found a basalt altar of Yredelemnul.
  2959 | D:5      | Gained mutation: Your movements are slightly less
                  | encumbered by armour. (ER -2) [potion of mutation]
  2959 | D:5      | Gained mutation: Your system is resistant to poisons.
                  | (rPois) [potion of mutation]
  2962 | D:5      | Found a snail-covered altar of Cheibriados.
  2965 | D:5      | Found a glowing golden altar of the Shining One.
  3273 | D:6      | Noticed Grinder
  3288 | D:6      | Paralysed by Grinder for 3 turns
  3303 | D:6      | Killed Grinder
  3503 | D:6      | Reached skill level 7 in Axes
  3789 | D:6      | Gained mutation: You passively map the area around you.
                  | [Deep Dwarf growth]
  3789 | D:6      | Reached XP level 9. HP: 82/82 MP: 4/4
  4179 | D:7      | Found an ancient bone altar of Kikubaaqudgha.
  4268 | D:7      | Found a runed translucent door.
  4269 | D:7      | Noticed Crazy Yiuf
  4356 | D:7      | Reached skill level 5 in Invocations
  4442 | D:7      | Reached skill level 8 in Axes
  4442 | D:7      | Reached skill level 5 in Dodging
  4502 | D:7      | Reached *** piety under Makhleb
  4799 | D:7      | Killed Crazy Yiuf
  4928 | D:8      | Reached skill level 1 in Evocations
  4983 | D:8      | Reached XP level 10. HP: 51/94 MP: 6/6
  5180 | D:8      | Got a faintly humming helmet
  5191 | D:8      | Identified the +0 helmet of Repulsion {+Inv rC+ MP+9} (You
                  | found it on level 8 of the Dungeon)
  5953 | D:9      | Reached **** piety under Makhleb
  5984 | D:9      | Reached skill level 9 in Axes
  5991 | D:9      | Found a staircase to the Lair.
  6338 | D:9      | Identified the +0 hat "Romm" {Str+4} (You found it on level
                  | 9 of the Dungeon)
  6412 | D:9      | Found a staircase to the Orcish Mines.
  6437 | D:9      | Found a roughly hewn altar of Beogh.
  6613 | D:10     | Entered Level 10 of the Dungeon
  6741 | D:10     | Reached XP level 11. HP: 103/103 MP: 8/8
  7012 | D:10     | Noticed an orange crystal statue
  7382 | D:11     | Reached ***** piety under Makhleb
  7536 | D:11     | Noticed Snorg
  7563 | D:11     | Killed Snorg
  7586 | D:11     | Noticed a green ugly thing
  7593 | D:11     | Killed a green ugly thing
  7593 | D:11     | Reached skill level 10 in Axes
  7597 | D:11     | Noticed a white ugly thing
  7604 | D:11     | Killed a white ugly thing
  7741 | D:11     | Noticed a red ugly thing
  7741 | D:11     | Noticed a red ugly thing
  7749 | D:11     | Killed a white ugly thing
  7749 | D:11     | Reached skill level 5 in Evocations
  7754 | D:11     | Killed a red ugly thing
  7775 | D:11     | Noticed Psyche
  7795 | D:11     | Killed Psyche
  8285 | D:12     | Noticed Kirke
  8399 | Lair:1   | Entered Level 1 of the Lair of Beasts
  9009 | Lair:2   | Noticed a five-headed hydra
  9010 | Lair:2   | Noticed an oklob plant
  9017 | Lair:2   | Killed a five-headed hydra
  9056 | Lair:2   | Reached XP level 12. HP: 114/114 MP: 6/6
  9150 | Lair:2   | Reached skill level 11 in Axes
  9206 | Lair:2   | Noticed Nergalle
  9234 | Lair:2   | Killed Nergalle
  9376 | Lair:2   | Found a frozen archway.
  9402 | IceCv    | Entered an ice cave
  9882 | Lair:3   | Reached ****** piety under Makhleb
  9997 | Lair:3   | Noticed a seven-headed hydra
 10008 | Lair:3   | Killed a 13-headed hydra
 10175 | Lair:3   | Identified a scroll of acquirement
 10250 | Lair:3   | Reached skill level 10 in Fighting
 10373 | Lair:3   | Found the +8 whip "Snakebite" {curare, rPois}
 10800 | Lair:4   | Found a staircase to the Snake Pit.
 10944 | Lair:4   | Found a runed translucent door.
 10945 | Lair:4   | Found a shimmering altar of Xom.
 10945 | Lair:4   | Noticed Wairalebb's ghost (journeyman BaFi)
 10945 | Lair:4   | Identified the cursed +0 quarterstaff of Inquiry {chaos,
                  | rC+ Dex+3}
 11261 | Lair:4   | Noticed a death yak
 11262 | Lair:4   | Noticed a death yak
 11262 | Lair:4   | Noticed a death yak
 11272 | Lair:4   | Killed a death yak
 11272 | Lair:4   | Reached skill level 12 in Axes
 11272 | Lair:4   | Reached XP level 13. HP: 82/124 MP: 3/3
 11408 | Lair:4   | Found a staircase to the Shoals.
 12014 | Orc:1    | Entered Level 1 of the Orcish Mines
 12109 | Orc:1    | Found a bloodstained altar of Trog.
 12206 | Orc:1    | Noticed Erolcha
 12237 | Orc:1    | Killed Erolcha
 12351 | Orc:1    | Reached skill level 10 in Invocations
 12591 | Orc:2    | Entered Level 2 of the Orcish Mines
 12702 | Orc:2    | Found a staircase to the Elven Halls.
 12748 | Orc:2    | Noticed a stone giant
 12759 | Orc:2    | HP: 4/126 [orc warrior/+0 scimitar (9)]
 12765 | Orc:2    | Quit the game

Illustrated notes

Levels and vault maps discovered:
D:1:      minmay_arrival_semitransparent, layout_basic, minmay_misc_feat_rows
D:2:      layout_loops_ring, first_ration, minmay_crystal_water,
          chequers_decorated_corner
D:3:      layout_loops_ring, lemuel_doored_altar,
          chequers_ecumenical_altar_simple
D:4:      layout_basic, temple_doors_e, nicolae_ossuary_entry_plus,
          minmay_ogre_servants, uniq_robin
D:5:      minmay_goblin_kobold_castle, layout_cave_pools,
          grunt_temple_overflow_cloverleaf, serial_shops, shop, shop,
          cheibrodos_sewer_entry_drain
D:6:      layout_loops_ring, st_stairs_11, chequers_serial_rivers_room_a,
          hangedman_decor_opposing, kennysheep_small_spiral, uniq_grinder
D:7:      layout_rooms, old_standard_altar, uniq_crazy_yiuf_cottage
D:8:      layout_basic
D:9:      layout_roguey, grunt_lair_entry_orc_guard_hut,
          minmay_orc_entry_temple_small, grunt_ogre_cave
D:10:     layout_small_grid, david_greed
D:11:     layout_rooms, lightli_minifort, uniq_psyche, uniq_snorg
D:12:     layout_basic, uniq_kirke, uniq_sonja
Temple:   nicolae_temple_elliptical
Lair:1:   layout_long_grid, lemuel_fruit_fields, grunt_megastairs_4
Lair:2:   layout_long_grid, portal_ice_cave_entry_imps, serial_bayou_crossing,
          minmay_lair_oklob_chamber, serial_bayou_shore_a, wad_woods_river_01,
          uniq_nergalle, uniq_erica
Lair:3:   minmay_guarded_unrand_snakebite, layout_cave_pods, roderic_batcave
Lair:4:   regret_index_harrowing_hell_hive, layout_gridlike,
          minmay_shoals_entry_centaurs, guppyfry_snake_entry_garden,
          ebering_ghost_xom, serial_bayou_shore_b, grunt_megastairs_2
Lair:5:   cheibrodos_magma_flow, layout_cave_pods,
          chequers_serial_rivers_micro_e, infiniplex_staircase_pool_2
Orc:1:    layout_caves, trog_butcher_becter, uniq_erolcha
Orc:2:    st_orc_mages, layout_caves, minmay_orc_keep

Skill      XL: |  1  2  3  4  5  6  7  8  9 10 11 12 13 |
---------------+----------------------------------------+-----
Fighting       | 3 4 5 6 7 8 9 10 | 10.8
Axes           | 3 4 5 7 8 9 10 12 | 12.5
Dodging        | 1 2 3 4 5 6 7 8 |  8.8
Armour         | 4 5 6 7 8 9 |  9.5
Shields        | 4 5 6 7 8 9 |  9.5
Invocations    | 1 2 4 5 6 8 9 10 | 10.2
Evocations     | 1 3 5 7 |  7.8

Action                   |  1- 3 |  4- 6 |  7- 9 | 10-12 | 13-15 || total
-------------------------+-------+-------+-------+-------+-------++-------
Melee: War axe           |    59 |   144 |   508 |   976 |   287 ||  1974
Invok: Lesser Servant of |       |       |       |     5 |       ||     5
 Abil: Heal Wounds       |     1 |    10 |     9 |    24 |     6 ||    50
Evoke: Tin of tremorston |       |       |       |     3 |     3 ||     6
  Use: Scroll            |       |     5 |    13 |    18 |       ||    36
       Potion            |       |       |     1 |       |     7 ||     8
 Stab: Invisible         |       |       |     1 |       |       ||     1
       Distracted        |       |       |       |     2 |       ||     2
  Eat: Ration            |       |     1 |     1 |     3 |       ||     5
       Chunk             |       |       |     9 |    13 |     5 ||    27
Armor: Scale mail        |    30 |    61 |   104 |       |       ||   195
       Chain mail        |       |       |    47 |       |       ||    47
       Plate armour      |       |       |    31 |   494 |   150 ||   675
Dodge: Dodged            |    20 |    60 |   167 |   386 |   141 ||   774
Block: Kite shield       |    23 |    92 |   329 |   686 |   178 ||  1308
